 Dungeon Crawl Stone Soup version 0.25-a0-108-gda8bd6cf83 (webtiles) character file.

Game seed: 719896812510802914, levelgen mode: deterministic

93 D1HalberdGnoll the Sneak (level 4, -8/34 HPs)
             Began as a Vampire Assassin on Nov 18, 2019.
             Killed by nerve-wracking pain
             ... invoked by Grinder
              (13 damage)
             ... on level 3 of the Dungeon.
             The game lasted 00:03:11 (1536 turns).

D1HalberdGnoll the Sneak (Vampire Assassin)         Turns: 1536, Time: 00:03:11

Health: -8/34      AC:  4    Str: 16    XL:     4   Next: 37%
Magic:  4/4        EV: 18    Int: 13    God:
Gold:   33         SH:  0    Dex: 20    Spells: 3/3 levels left

rFire    . . .     SeeInvis +   a - +3 dagger
rCold    . . .     Gourm    .   (no shield)
rNeg     . . .     Faith    .   k - +0 leather armour
rPois    .         Spirit   .   (no helmet)
rElec    .         Reflect  .   c - +0 cloak
rCorr    .         Harm     .   (no gloves)
MR       .....                  (no boots)
Stlth    +++++.....             (no amulet)
HPRegen  0.31/turn              (no ring)
MPRegen  0.09/turn              (no ring)

@: mighty, agile, regenerating quickly
A: no food, fangs 3, see invisible, unbreathing
a: Exsanguinate


You were on level 3 of the Dungeon.
You were alive.

You visited 1 branch of the dungeon, and saw 4 of its levels.

You collected 33 gold pieces.

Inventory:

Hand Weapons
 a - a +3 dagger (weapon)
Missiles
 d - 21 poisoned darts (quivered)
 e - 2 curare-tipped darts
Armour
 c - a +0 cloak (worn)
 k - a +0 leather armour (worn)
Scrolls
 b - a scroll of identify {unknown}
 i - 2 scrolls of remove curse {unknown}
 j - a scroll of immolation {unknown}
 l - a scroll of amnesia {unknown}
 n - 2 scrolls of teleportation {unknown}
Potions
 m - a potion of ambrosia {unknown}
 p - a potion of mutation {unknown}


   Skills:
 + Level 2.4 Fighting
 + Level 3.0 Short Blades
 - Level 1.5 Throwing
 + Level 2.2 Dodging
 * Level 7.2 Stealth


You had 3 spell levels left.
You didn't know any spells.
Your spell library was empty.

Dungeon Overview and Level Annotations

Branches:
Dungeon (4/15)
 Temple: D:4-7

Altars:

Annotations:
D:3 Grinder


Innate Abilities, Weirdness & Mutations

You do not eat.
Your natural rate of healing is unusually fast.
You have razor-sharp teeth.
You have supernaturally acute eyesight. (SInv)
You can survive without breathing.


Message History

The poisoned dart barely misses Grinder.
You feel sick. The adder bites you.
* * * LOW HITPOINT WARNING * * *
The adder closely misses you.
It was a potion of agility.
You feel agile all of a sudden.
Grinder blinks!
The adder misses you.
It was a potion of might.
You feel very mighty all of a sudden. The adder bites you but does no damage.
You puncture the adder! You bite the adder.
You kill the adder!
Your Short Blades skill increases to level 3!
You feel sick.
You see here an adder corpse.
You feel sick.
You are no longer poisoned.
Grinder gestures at you. Pain shoots through your body!
You die...

###### #....# #..>.#
#....##########
#........5....#
#.............#
#......(...@..# #_#
#.............#####...#.
#.......(......†......?.
##.....)......#####...##
#.##.........# ##
#######.##.........#
......#......(.....#
......###.##(...#####..
......###.#.............


You could see Grinder.

Vanquished Creatures
  3 gnolls (D:3)
  2 adders (D:3)
  A dart slug (D:1)
  4 bats
  2 giant cockroaches
  4 goblins
  6 hobgoblins
  A quokka (D:3)
  A ball python (D:3)
  7 frilled lizards
  10 kobolds
  7 rats
48 creatures vanquished.

Notes
Turn   | Place    | Note
-------+----------+-------------------------------------------
     0 | D:1      | D1HalberdGnoll the Vampire Assassin began the quest for the
                  | Orb.
     0 | D:1      | Reached XP level 1. HP: 16/16 MP: 1/1
   108 | D:1      | Reached skill level 6 in Stealth
   231 | D:1      | Reached XP level 2. HP: 22/22 MP: 2/2
   951 | D:2      | Reached XP level 3. HP: 27/27 MP: 3/3
  1196 | D:2      | You fall into a shaft and drop 2 floors!
  1197 | D:4      | Noticed a phantom
  1424 | D:3      | Reached skill level 7 in Stealth
  1431 | D:3      | Reached XP level 4. HP: 19/34 MP: 4/4
  1494 | D:3      | Noticed Grinder
  1526 | D:3      | Found a faded altar of an unknown god.
  1536 | D:3      | Killed from afar by Grinder

Levels and vault maps discovered:
D:1:      onia_arrival_mini_maze, layout_basic, minmay_misc_feat_alley
D:2:      layout_basic, chequers_mini_garden
D:3:      layout_rooms, chequers_ecumenical_altar_simple, uniq_grinder
D:4:      layout_rooms, first_ration, serial_park_tiny_2, uniq_natasha,
          uniq_sigmund, uniq_edmund, uniq_robin

Skill      XL: |  1  2  3  4 |
---------------+-------------+-----
Stealth        | 6 7 |  7.2
Fighting       | 2 |  2.4
Dodging        | 2 |  2.2
Short Blades   | 3 |  3.0
Throwing       | |  1.5

Action                   |  1- 3 |  4- 6 || total
-------------------------+-------+-------++-------
Melee: Dagger            |   116 |    11 ||   127
       Bite              |     8 |     2 ||    10
Throw: Dart              |    16 |     4 ||    20
  Use: Potion            |       |     3 ||     3
       Scroll            |       |     1 ||     1
 Stab: Sleeping          |    14 |       ||    14
Armor: Robe              |     3 |       ||     3
       Leather armour    |    20 |     6 ||    26
Dodge: Dodged            |    71 |    17 ||    88

Table legend:
 A = Non-vault XP
 B = Vault XP
 C = Vault XP percentage of total XP
 D = Non-vault monster count
 E = Vault monster count
 F = Vault count percentage of total count
                 A         B        C        D         E       F
            +---------+---------+-------+---------+---------+-------
      Total |     133 |       1 |   0.7 |      47 |       1 |   2.1
            +---------+---------+-------+---------+---------+-------
        D:1 |      27 |       1 |   3.6 |      17 |       1 |   5.6
        D:2 |      26 |       0 |   0.0 |      16 |       0 |   0.0
        D:3 |      80 |       0 |   0.0 |      14 |       0 |   0.0
            +---------+---------+-------+---------+---------+-------
